 Dungeon Crawl Stone Soup version 0.17-a0-484-g0e03f6a (webtiles) character file.

376 Kisielow the Shield-Bearer (level 6, -5/39 HPs)
             Began as a Gargoyle Fighter on Apr 10, 2015.
             Slain by an ogre
             ... wielding a +0 giant spiked club
              (29 damage)
             ... on level 4 of the Dungeon.
             The game lasted 00:08:18 (2144 turns).

Kisielow the Shield-Bearer (Gargoyle Fighter)       Turns: 2144, Time: 00:08:18

Health: -5/39      AC: 15    Str: 22    XL:     6   Next: 73%
Magic:  6/6        EV:  8    Int:  8    God:
Gold:   98         SH:  0    Dex: 14    Spells: 0 memorised, 5 levels left

rFire  . . .     SeeInvis +     v - +3 quarterstaff of Anguish {crush, Dex+5 SInv}
rCold  . . .     Clarity  .     k - +0 chain mail
rNeg   + . .     SustAb   .     (no shield)
rPois  ∞         Gourm    .     (no helmet)
rElec  +         Spirit   .     (no cloak)
rCorr  .         Warding  .     l - +0 pair of gloves
rMut   .         Stasis   .     (no boots)
MR     .....                    (no amulet)
Stlth  ..........               (no ring)
                                q - ring of see invisible

@: not resistant to hostile enchantments, extremely unstealthy
A: negative energy resistance 1, electricity resistance, unbreathing,
petrification resistance, rot immunity, AC +4
a: no special abilities


You were on level 4 of the Dungeon.
You were not hungry.

You visited 1 branch of the dungeon, and saw 4 of its levels.

You collected 98 gold pieces.

Inventory:

Hand weapons
 a - a +0 flail
 v - the +3 quarterstaff of Anguish (weapon) {crush, Dex+5 SInv}
   (You found it on level 4 of the Dungeon)

   It inflicts extra damage upon your enemies.
   It affects your dexterity (+5).
   It enhances your eyesight.
Armour
 k - a +0 chain mail (worn)
 l - a +0 pair of gloves (worn)
Jewellery
 q - a ring of see invisible (left hand)
 t - an uncursed ring of fire
Scrolls
 h - 2 scrolls of identify {unknown}
 n - 2 scrolls of enchant weapon {unknown}
 s - a scroll of amnesia {unknown}
 u - 2 scrolls of enchant armour {unknown}
Potions
 e - a potion of might
 f - 2 potions of ambrosia {unknown}
 g - a potion of brilliance {unknown}
 j - a potion of flight {unknown}
 m - a potion of curing {unknown}
 o - 2 potions of restore abilities {unknown}
 p - a potion of invisibility {unknown}
Comestibles
 b - 3 chunks of flesh
 c - a beef jerky
 d - 5 bread rations
 r - 2 meat rations


   Skills:
 * Level 4.5 Fighting
 - Level 3.2 Maces & Flails
 * Level 0.6(2.1) Staves
 * Level 5.0 Armour
   Level 5.4 Shields


You had 5 spell levels left.
You didn't know any spells.

Dungeon Overview and Level Annotations

Branches:
Dungeon (4/15)             Temple (0/1) D:4

Altars:


Innate Abilities, Weirdness & Mutations

You are resistant to torment.
Your stone body is resilient (AC +4).
You are immune to poison.
You resist negative energy.
You are resistant to electric shocks.
You can survive without breathing.
You are immune to petrification.
You are immune to rotting.


Message History

You butcher the worker ant corpse.
b - 3 chunks of flesh (gained 1)
Things that are here:
a club; a leather armour An ogre comes into view.
It is wielding a giant spiked club.
The ogre shouts!
An adder comes into view.
You enter the shallow water.
Moving in this stuff is going to be slow.
Your unstable footing causes you to fumble your attack.
The ogre barely misses you.
Your unstable footing causes you to fumble your attack.
The ogre barely misses you.
Your unstable footing causes you to fumble your attack.
The ogre hits you with a giant spiked club!
You sock the ogre!
The ogre is moderately wounded.
The ogre hits you with a giant spiked club!!
Ouch! That really hurt!
You die...

. #'##...#........#.#...........
..##.##...#........#.##+######+##
..'.......'......).'..+ .......
.(##.###'##........# ###..#
..##.#.....).......#+##.# ###..#
.....'...........≈§≈..... +.....
####'#..........≈§§§≈...## ###+##
#........####+#≈O≈≈≈§≈..##.##...#
+........'.+...§@§>§§§..........'
#........#.####≈≈≈≈≈≈≈..##+##...#
......#+##.## #.≈§§§≈...##.##...#
......+ ... '..≈§≈............+
......# #.# ######.....#######.#
##'#######.############ ######'#
#.[.........#..+..+ ..+..#..+
#........).)').#..# ..#..'..#
#..........)#..#..# ..#..#..#


You could see an ogre.

Vanquished Creatures
  Sigmund (D:3)
  An orc priest (D:4)
  An iguana (D:4)
  2 worker ants (D:4)
  7 adders
  3 giant geckos
  4 orcs (D:4)
  7 bats
  A giant cockroach (D:2)
  6 goblins
  6 hobgoblins
  4 jackals
  2 giant newts
  3 kobolds
  5 rats
53 creatures vanquished.

Notes
Turn   | Place    | Note
--------------------------------------------------------------
     0 | D:1      | Kisielow, the Gargoyle Fighter, began the quest for the Orb.
     0 | D:1      | Reached XP level 1. HP: 14/14 MP: 1/1
     6 | D:1      | Noticed a basilisk
     6 | D:1      | Noticed a giant leech
     6 | D:1      | Noticed a worker ant
     6 | D:1      | Noticed a centaur
   183 | D:1      | Reached XP level 2. HP: 19/19 MP: 2/2
   952 | D:2      | Reached XP level 3. HP: 23/23 MP: 3/3
  1098 | D:2      | Reached skill level 4 in Shields
  1306 | D:2      | Reached XP level 4. HP: 26/29 MP: 4/4
  1654 | D:3      | Noticed Sigmund
  1666 | D:3      | Killed Sigmund
  1666 | D:3      | Reached skill level 5 in Shields
  1666 | D:3      | Reached XP level 5. HP: 21/33 MP: 5/5
  1666 | D:3      | Reached XP level 6. HP: 24/38 MP: 6/6
  1964 | D:4      | Got a bloodstained quarterstaff
  1970 | D:4      | Identified the cursed +3 quarterstaff of Anguish {crush, Dex+5 SInv} (You found it on level 4 of the Dungeon)
  2123 | D:4      | Reached skill level 5 in Armour
  2126 | D:4      | Found a staircase to the Ecumenical Temple.
  2144 | D:4      | Slain by an ogre

Action                   |  1- 3 |  4- 6 || total
-------------------------+-------+-------++-------
Melee: Flail             |   137 |    65 ||   202
       Quarterstaff      |       |    29 ||    29
  Use: Scroll            |       |     4 ||     4
  Eat: Chunk             |     2 |     2 ||     4
